Map: Taito Citadel LE

Players

Geralt (Gerald)

  • Race: Protoss Protoss
  • League: Grandmaster
  • Spawn Location: 11:00

ratgameplay (uThermal) - Winner!

  • Race: Terran Terran
  • League: Master
  • Spawn Location: 5:00

VOD

Have the link to the VOD?

Description

Time

  • Played on: Jan. 30, 2026, 9:12 a.m.
  • Length: 4:17
Show
View Real Time Build Order
Export as new Build Order

Geralt Protoss 

Build Orders:  

Get SALT Encoding   

  12  0:00  Probe  
  13  0:12  Probe  
  14  0:17  Pylon  
  14  0:23  Probe  
  15  0:31  Probe  
  16  0:36  Gateway  
  16  0:39  Probe  
  16  0:45  Assimilator  
  17  0:51  Probe  
  18  1:03  Probe  
  19  1:15  Probe  
  20  1:23  Cybernetics Core  
  20  1:24  Zealot  
  22  1:27  Probe  
  23  1:33  Pylon  
  23  1:49  Stalker, Assimilator  
  23  1:51  Probe  
  26  2:01  Gateway  
  26  2:03  Probe  
  26  2:06  Warp Gate  
  27  2:09  Pylon  
  27  2:15  Stalker  
  29  2:29  Nexus  
  27  2:42  Shield Battery  
  18  3:00  Probe  
  17  3:19  Probe  
  13  3:31  Probe  
  10  3:43  Probe  
  8  3:55  Probe  
Show
View Real Time Build Order
Export as new Build Order

ratgameplay Terran - Winner!

Build Orders:  

Get SALT Encoding   

  12  0:00  SCV  
  13  0:12  SCV  
  14  0:18  Supply Depot  
  14  0:24  SCV  
  15  0:39  SCV  
  15  0:40  Barracks  
  16  0:46  Refinery  
  16  0:51  SCV  
  16  0:56  Refinery  
  17  1:03  SCV  
  18  1:15  SCV  
  19  1:29  Ghost Academy  
  19  1:30  Orbital Command  
  19  1:45  Barracks Tech Lab  
  19  1:56  SCV  
  20  2:03  Ghost  
  20  2:05  Supply Depot  
  20  2:08  SCV  
  23  2:18  Factory  
  23  2:27  SCV  
  24  2:32  Ghost  
  26  2:39  SCV  
  28  2:51  SCV  
  27  3:01  Ghost  
  27  3:04  Hellion  
  27  3:25  Hellion  
  23  3:40  Ghost  
Tags
 
Add a new tag
Caveats
  • Supply blocks, unpowered buildings, or Contaminate may cause inaccurate times.
  • Supply counts are checked every 10 seconds.